 Dungeon Sprint DCSS version 0.19-a0-684-gf760df0 (webtiles) character file.

14 Groucho the Sneak (level 2, -3/14 HPs)
             Began as a Spriggan Enchanter on June 17, 2016.
             Was a Follower of Dithmenos.
             Slain by a wolf (8 damage)
             ... in the Dungeon (Sprint VII: "The Pits").
             The game lasted 00:01:57 (548 turns).

Groucho the Sneak (Spriggan Enchanter)               Turns: 548, Time: 00:01:58

Health: -3/14      AC:  3    Str:  4    XL:     2   Next: 27%
Magic:  7/7        EV: 19    Int: 16    God:    Dithmenos [*.....]
Gold:   0          SH:  0    Dex: 16    Spells: 1 memorised, 6 levels left

rFire  . . .     SeeInvis +     k - +2 dagger
rCold  . . .     Gourm    .     b - +1 robe
rNeg   . . .     Faith    .     (shield restricted)
rPois  .         Spirit   .     (helmet restricted)
rElec  .         Dismiss  .     (no cloak)
rCorr  .         Reflect  .     (gloves unavailable)
SustAt .         Harm     .     (boots unavailable)
MR     .....     NoTele   +     (no amulet)
Stlth  ++++......               (no ring)
                                (no ring)

@: wreathed by umbra, very quick, not resistant to hostile enchantments,
stealthy
A: unfitting armour, see invisible, herbivore 3, speed 3, slow metabolism 2
a: Renounce Religion


You were in the Dungeon.
You worshipped Dithmenos.
Dithmenos was aware of your devotion.
You were not hungry.

You visited 1 branch

Inventory:

Hand Weapons
 k - a +2 dagger (weapon)
Missiles
 p - 9 stones (quivered)
Armour
 b - a +1 robe (worn)
Scrolls
 j - a scroll of blinking
 m - 3 scrolls of remove curse
 n - 5 scrolls of amnesia
 o - a scroll of summoning
Potions
 e - a potion of curing
 f - a potion of heal wounds
 g - a potion of haste
 h - 4 potions of magic
 i - 3 potions of berserk rage
 l - 2 potions of invisibility
Books
 c - a book of Maledictions

   Spells                             Type                      Level
   a - Corona                         Hexes                        1
   b - Ensorcelled Hibernation        Hexes/Ice                    2
   c - Confuse                        Hexes                        3
   d - Tukima's Dance                 Hexes                        3
   e - Dazzling Spray                 Conjuration/Hexes            3
Comestibles
 a - 40 fruits
 d - 8 bread rations


   Skills:
 + Level 0.4 Fighting
 + Level 1.3 Short Blades
 * Level 3.8 Dodging
 * Level 6.0 Stealth
 * Level 3.4 Spellcasting
 * Level 4.9 Hexes


You had 6 spell levels left.
You knew the following spells:

 Your Spells              Type           Power        Failure   Level  Hunger
a - Corona                Hex            ###....      2%          1    None


Dungeon Overview and Level Annotations

Branches:
Dungeon (1/1)

Altars:
Ashenzari
Cheibriados
Dithmenos
Elyvilon
Fedhas
Gozag
Kikubaaqudgha
Makhleb
Nemelex Xobeh
Okawaru
Pakellas
Qazlal
Ru
Sif Muna
Trog
Vehumet
Xom
Yredelemnul
Zin
The Shining One
Beogh
Jiyva
Lugonu


Innate Abilities, Weirdness & Mutations

You are tiny and cannot use many weapons and most armour.
You have supernaturally acute eyesight. (SInv)
You are a herbivore.
You cover ground extremely quickly.
You need consume almost no food.


Message History

You closely miss the wolf. The wolf closely misses you.
You hit the wolf.
The wolf is lightly wounded.
The wolf barely misses you. The wolf misses you.
You hit the wolf but do no damage. The wolf bites you.
There is an open door here.
The wolf completely misses you.
There is an open door here.
The wolf stops to sniff the ground.
There is an open door to the Storerooms (Easy) here.
There is an open door to the Entrance Hall (Safe) here.
There is a staircase leading out of the dungeon here.
You hit the wolf but do no damage. The wolf misses you.
The wolf closely misses you.
You miss the wolf. The wolf barely misses you.
You closely miss the wolf. The wolf bites you. The wolf barely misses you.
You hit the wolf but do no damage. The wolf completely misses you.
The wolf bites you!
Ouch! That really hurt!
You die...

#...........'....(......
#+#####'#####......#..#.
# #...'.##........... #.
#...#r#####'#####++
#..#####.##.......#
#..'...#.##.......#
#..'...'.##.......#
#..########...h...# #..
#...@...# #r #.......#
## #.......# #########


You could see a wolf.

Vanquished Creatures
  An ooze (D)
  2 adder skeletons (D)
  A bat (D)
  A kobold (D)
5 creatures vanquished.

Notes
Turn   | Place    | Note
--------------------------------------------------------------
     0 | D        | Groucho the Spriggan Enchanter began the quest for the Orb.
     0 | D        | Reached XP level 1. HP: 9/9 MP: 5/5
    55 | D        | Found a sacrificial altar of Ru.
    55 | D        | Found a basalt altar of Yredelemnul.
    55 | D        | Found a shadowy altar of Dithmenos.
    55 | D        | Found a deep blue altar of Sif Muna.
    55 | D        | Found a burning altar of Makhleb.
    55 | D        | Found a shimmering altar of Xom.
    55 | D        | Found an ancient bone altar of Kikubaaqudgha.
    55 | D        | Found a sparkling altar of Nemelex Xobeh.
    56 | D        | Found a glowing golden altar of the Shining One.
    56 | D        | Found a bloodstained altar of Trog.
    56 | D        | Found a shattered altar of Ashenzari.
    56 | D        | Found a white marble altar of Elyvilon.
    56 | D        | Found a snail-covered altar of Cheibriados.
    56 | D        | Found a blossoming altar of Fedhas.
    56 | D        | Found a radiant altar of Vehumet.
    56 | D        | Found a glowing silver altar of Zin.
    56 | D        | Found a corrupted altar of Lugonu.
    56 | D        | Found a viscous altar of Jiyva.
    56 | D        | Found a roughly hewn altar of Beogh.
    56 | D        | Found an iron altar of Okawaru.
    57 | D        | Found an oddly glowing altar of Pakellas.
    62 | D        | Found a stormy altar of Qazlal.
    62 | D        | Found an opulent altar of Gozag.
    79 | D        | Became a worshipper of Dithmenos the Shadowed
    90 | D        | Reached skill level 5 in Stealth
   506 | D        | Reached * piety under Dithmenos
   506 | D        | Reached XP level 2. HP: 13/13 MP: 7/7
   509 | D        | Reached skill level 6 in Stealth
   513 | D        | Noticed a wolf
   548 | D        | Slain by a wolf

Vault maps used:
D:        pitsprint

Skill      XL: |  1  2 |
---------------+-------+-----
Stealth        | 5 6 |  6.0
Spellcasting   | 3 |  3.4
Hexes          | 4 |  4.9
Fighting       | |  0.4
Short Blades   | |  1.3
Dodging        | |  3.8

Action                   || total
-------------------------++-------
Melee: Dagger            ||    25
Throw: Stone             ||     1
 Stab: Sleeping          ||     3
Armor: Robe              ||     2
Dodge: Dodged            ||    23
